| TOP OF THE 1ST |
|
Tijuana Toros batting - Pitching for Calgary Flames : LHP David Salas
|
|
Pitching: LHP David Salas
|
|
|
Batting: RHB Kekoa Kahele
|
0-0: Ball 1-0: Foul Ball, location: 2F 1-1: Ground out 3-1 (Groundball, 34, EV 80.0 MPH)
|
|
Batting: RHB Jason Baldwin
|
0-0: Ground out 4-3 (Groundball, 34, EV 85.6 MPH)
|
|
Batting: LHB Mesfin Azagba
|
0-0: Ball 1-0: Ball 2-0: Swinging Strike 2-1: Ground out 4-3 (Groundball, 34D, EV 86.2 MPH)
|
| Top of the 1st over - 0 runs, 0 hits, 0 errors, 0 left on base; Tijuana 0 - Calgary 0 |
| BOTTOM OF THE 1ST |
|
Calgary Flames batting - Pitching for Tijuana Toros : LHP Adrian Huerta
|
|
Pitching: LHP Adrian Huerta
|
|
|
Batting: RHB Devon Dill
|
0-0: Foul Ball, location: 2F 0-1: Called Strike 0-2: Foul Ball, location: 2F 0-2: Foul Ball, location: 2F 0-2: Fly out, F6 (Flyball, 4MD, EV 83.1 MPH)
|
|
Batting: LHB Dean Luttman
|
0-0: Ground out 4-3 (Groundball, 4, EV 95.0 MPH)
|
|
Batting: RHB Kevin Davis
|
0-0: Ball 1-0: DOUBLE (Line Drive, 9LM, EV 114.4 MPH)
|
|
Batting: RHB Victor Contreras
|
0-0: Foul Ball, location: 2F 0-1: Swinging Strike 0-2: Ball 1-2: Foul Ball, location: 2F 1-2: Ball 2-2: Foul Ball, location: 2F 2-2: Ball 3-2: Base on Balls
|
|
Batting: RHB Yuusei Narita
|
0-0: Ball Passed Ball! Kevin Davis to third Victor Contreras to second 1-0: Ball 2-0: Foul Ball, location: 2F 2-1: Foul Ball, location: 2F 2-2: Foul Ball, location: 2F 2-2: Fly out, F7 (Flyball, 78S, EV 88.1 MPH)
|
| Bottom of the 1st over - 0 runs, 1 hit, 0 errors, 2 left on base; Tijuana 0 - Calgary 0 |
| TOP OF THE 2ND |
|
Tijuana Toros batting - Pitching for Calgary Flames : LHP David Salas
|
|
Batting: LHB Chris Buchan
|
0-0: Ball 1-0: Called Strike 1-1: Ball 2-1: Foul Ball, location: 2F 2-2: Ball 3-2: Strikes out swinging, 2-3 out at first.
|
|
Batting: LHB Jim Jardine
|
0-0: Ball 1-0: Ball 2-0: Fly out, F4 (Popup, 34D, EV 66.9 MPH)
|
|
Batting: SHB Javy Franco
|
0-0: Swinging Strike 0-1: Swinging Strike 0-2: Strikes out swinging
|
| Top of the 2nd over - 0 runs, 0 hits, 0 errors, 0 left on base; Tijuana 0 - Calgary 0 |
| BOTTOM OF THE 2ND |
|
Calgary Flames batting - Pitching for Tijuana Toros : LHP Adrian Huerta
|
|
Batting: LHB Justin Daley
|
0-0: Ball 1-0: Foul Ball, location: 2F 1-1: Swinging Strike 1-2: Strikes out looking
|
|
Batting: RHB Alex Collazo
|
0-0: Ball 1-0: Ball 2-0: Foul Ball, location: 2F 2-1: Foul Ball, location: 2F 2-2: Foul Ball, location: 2F 2-2: Strikes out swinging
|
|
Batting: SHB Erick Hamburger
|
0-0: Foul Ball, location: 2F 0-1: Swinging Strike 0-2: Ball 1-2: Strikes out looking
|
| Bottom of the 2nd over - 0 runs, 0 hits, 0 errors, 0 left on base; Tijuana 0 - Calgary 0 |
| TOP OF THE 3RD |
|
Tijuana Toros batting - Pitching for Calgary Flames : LHP David Salas
|
|
Batting: LHB Pedro Garza
|
0-0: Ball 1-0: Ball 2-0: Fly out, F8 (Flyball, 8RXD, EV 93.1 MPH)
|
|
Batting: RHB Tan-ming Kwan
|
0-0: SINGLE (Groundball, 6MD, EV 95.6 MPH)
|
|
Batting: RHB Yok-sing Zhào
|
0-0: Ball 1-0: Swinging Strike 1-1: Ball 2-1: Ball 3-1: SINGLE (Line Drive, 9LS, EV 100.0 MPH) Tan-ming Kwan to second
|
|
Batting: RHB Kekoa Kahele
|
0-0: Ball 1-0: Foul Ball, location: 2F 1-1: Called Strike 1-2: Ball 2-2: SINGLE (Line Drive, 34D, EV 98.8 MPH) Tan-ming Kwan to third Yok-sing Zhào to second Runner from 3rd tries for Home, throw by RF and OUT! 9-2
|
|
Batting: RHB Jason Baldwin
|
0-0: Ball 1-0: Ball 2-0: Foul Ball, location: 2F 2-1: Ball 3-1: Called Strike 3-2: Fly out, F9 (Flyball, 9LM, EV 94.4 MPH)
|
| Top of the 3rd over - 0 runs, 3 hits, 0 errors, 2 left on base; Tijuana 0 - Calgary 0 |
| BOTTOM OF THE 3RD |
|
Calgary Flames batting - Pitching for Tijuana Toros : LHP Adrian Huerta
|
|
Batting: RHB Rod Johnson
|
0-0: SOLO HOME RUN (Flyball, 78XD, EV 111.2 MPH), Distance : 462 ft
|
|
Batting: RHB Devon Dill
|
0-0: Ball 1-0: Called Strike 1-1: Ball 2-1: Ball 3-1: Base on Balls
|
|
Batting: LHB Dean Luttman
|
0-0: Ball 1-0: Ball 2-0: Called Strike 2-1: Ball 3-1: Base on Balls Devon Dill to second
|
|
Batting: RHB Kevin Davis
|
0-0: Reached on error, E5 (Groundball, 56, EV 89.4 MPH) Devon Dill to third Dean Luttman to second
|
|
Batting: RHB Victor Contreras
|
0-0: Called Strike 0-1: Ball 1-1: Foul Ball, location: 2F 1-2: DOUBLE (Line Drive, 8LD, EV 88.8 MPH) Devon Dill scores Dean Luttman scores Kevin Davis to third
|
|
Batting: RHB Yuusei Narita
|
0-0: Called Strike 0-1: Ball 1-1: Foul Ball, location: 2F 1-2: Foul Ball, location: 2F 1-2: Ball 2-2: Ball 3-2: Base on Balls
|
|
Batting: LHB Justin Daley
|
0-0: Ball 1-0: Ball 2-0: Called Strike 2-1: Fly out, F9 (Flyball, 9, EV 90.6 MPH) Runner from 3rd tags up, SCORES, throw by RF Victor Contreras to third
|
|
Batting: RHB Alex Collazo
|
0-0: SINGLE (Flyball, 89S, EV 95.6 MPH) Victor Contreras scores Yuusei Narita to second Runner from 2nd tries for 3rd, OUT! 9-5
|
|
Batting: SHB Erick Hamburger
|
0-0: Ball 1-0: Called Strike 1-1: Foul Ball, location: 2F 1-2: SINGLE (Groundball, 4S, EV 73.8 MPH) (infield hit) Alex Collazo to second
|
|
Batting: RHB Rod Johnson
|
0-0: Ball 1-0: Ball 2-0: SINGLE (Popup, 6D, EV 61.9 MPH) Alex Collazo to third Erick Hamburger to second Runner from 3rd tries for Home, SAFE, throw by SS to home
|
|
Batting: RHB Devon Dill
|
0-0: Ball 1-0: Ball 2-0: Ground out 3-1 (Groundball, 34, EV 76.9 MPH)
|
| Bottom of the 3rd over - 6 runs, 5 hits, 1 error, 2 left on base; Tijuana 0 - Calgary 6 |
| TOP OF THE 4TH |
|
Tijuana Toros batting - Pitching for Calgary Flames : LHP David Salas
|
|
Batting: LHB Mesfin Azagba
|
0-0: Ball 1-0: Swinging Strike 1-1: Ground out 6-3 (Groundball, 6, EV 104.4 MPH)
|
|
Batting: LHB Chris Buchan
|
0-0: SINGLE (Groundball, 23, EV 68.8 MPH) (infield hit)
|
|
Batting: LHB Jim Jardine
|
0-0: Ball 1-0: Ball 2-0: Called Strike 2-1: Ball 3-1: Foul Ball, location: 2F 3-2: Foul Ball, location: 2F 3-2: SINGLE (Flyball, 8LS, EV 99.4 MPH) Chris Buchan to second
|
|
Batting: SHB Javy Franco
|
0-0: Ball 1-0: Ball 2-0: Called Strike 2-1: Swinging Strike 2-2: Strikes out swinging
|
|
Batting: LHB Pedro Garza
|
0-0: Ball 1-0: Ball 2-0: Called Strike 2-1: Ball 3-1: Foul Ball, location: 2F 3-2: Strikes out swinging
|
| Top of the 4th over - 0 runs, 2 hits, 0 errors, 2 left on base; Tijuana 0 - Calgary 6 |
| BOTTOM OF THE 4TH |
|
Calgary Flames batting - Pitching for Tijuana Toros : LHP Adrian Huerta
|
|
Batting: LHB Dean Luttman
|
0-0: Fly out, F8 (Flyball, 8LS, EV 90.6 MPH)
|
|
Batting: RHB Kevin Davis
|
0-0: Ball 1-0: Foul Ball, location: 2F 1-1: Ball 2-1: Ground out 6-3 (Groundball, 56, EV 88.1 MPH)
|
|
Batting: RHB Victor Contreras
|
0-0: Hit by Pitch
|
|
Batting: RHB Yuusei Narita
|
0-0: Fly out, F7 (Flyball, 7, EV 88.1 MPH)
|
| Bottom of the 4th over - 0 runs, 0 hits, 0 errors, 1 left on base; Tijuana 0 - Calgary 6 |
| TOP OF THE 5TH |
|
Tijuana Toros batting - Pitching for Calgary Flames : LHP David Salas
|
|
Batting: RHB Tan-ming Kwan
|
0-0: Called Strike 0-1: Ground out 6-3 (Groundball, 6, EV 85.6 MPH)
|
|
Batting: RHB Yok-sing Zhào
|
0-0: Called Strike 0-1: Swinging Strike 0-2: Strikes out swinging
|
|
Batting: RHB Kekoa Kahele
|
0-0: Foul Ball, location: 2F 0-1: Ball 1-1: Ball 2-1: SINGLE (Groundball, 4MD, EV 98.1 MPH)
|
|
Batting: RHB Jason Baldwin
|
0-0: Ball 1-0: Ball Kekoa Kahele is caught stealing 2nd base 2-4
|
| Top of the 5th over - 0 runs, 1 hit, 0 errors, 0 left on base; Tijuana 0 - Calgary 6 |
| BOTTOM OF THE 5TH |
|
Calgary Flames batting - Pitching for Tijuana Toros : LHP Adrian Huerta
|
|
Batting: LHB Justin Daley
|
0-0: SOLO HOME RUN (Line Drive, 9LD, EV 98.8 MPH), Distance : 350 ft
|
|
Pitching: RHP Gerardo Diaz
|
|
|
Batting: RHB Alex Collazo
|
0-0: Ball 1-0: Fly out, F5 (Popup, 15S, EV 85.6 MPH)
|
|
Batting: SHB Erick Hamburger
|
0-0: Foul Ball, location: 2F 0-1: Called Strike 0-2: Ball 1-2: Ground out 5-3 (Groundball, 5, EV 101.9 MPH)
|
|
Batting: RHB Rod Johnson
|
0-0: Called Strike 0-1: Foul Ball, location: 2F 0-2: Ball 1-2: Strikes out looking
|
| Bottom of the 5th over - 1 run, 1 hit, 0 errors, 0 left on base; Tijuana 0 - Calgary 7 |
| TOP OF THE 6TH |
|
Tijuana Toros batting - Pitching for Calgary Flames : LHP David Salas
|
|
Batting: RHB Jason Baldwin
|
0-0: Ball 1-0: Fly out, F7 (Flyball, 7S, EV 95.0 MPH)
|
|
Batting: LHB Mesfin Azagba
|
0-0: Called Strike 0-1: Ball 1-1: Ball 2-1: Foul Ball, location: 2F 2-2: SINGLE (Flyball, 7S, EV 92.5 MPH)
|
|
Batting: LHB Chris Buchan
|
0-0: Ball 1-0: Swinging Strike 1-1: Called Strike 1-2: Strikes out swinging
|
|
Batting: LHB Jim Jardine
|
0-0: Foul Ball, location: 2F 0-1: Ball 1-1: Swinging Strike 1-2: Ball 2-2: Strikes out swinging
|
| Top of the 6th over - 0 runs, 1 hit, 0 errors, 1 left on base; Tijuana 0 - Calgary 7 |
| BOTTOM OF THE 6TH |
|
Calgary Flames batting - Pitching for Tijuana Toros : RHP Gerardo Diaz
|
|
Batting: RHB Devon Dill
|
0-0: Ground out 5-3 (Groundball, 5S, EV 90.0 MPH)
|
|
Batting: LHB Dean Luttman
|
0-0: Ball 1-0: SOLO HOME RUN (Flyball, 8RXD, EV 112.5 MPH), Distance : 438 ft
|
|
Batting: RHB Kevin Davis
|
0-0: Ball 1-0: Ball 2-0: Foul Ball, location: 2F 2-1: Ball 3-1: Base on Balls
|
|
Pitching: LHP Conor Bailey
|
|
|
Batting: RHB Victor Contreras
|
0-0: Ball 1-0: Grounds into double play, 3-6-3 (Groundball, 34, EV 105.0 MPH)
|
| Bottom of the 6th over - 1 run, 1 hit, 0 errors, 0 left on base; Tijuana 0 - Calgary 8 |
| TOP OF THE 7TH |
|
Tijuana Toros batting - Pitching for Calgary Flames : LHP David Salas
|
|
Pitching: LHP Ricardo de la Torre
|
|
|
Batting: SHB Javy Franco
|
0-0: Called Strike 0-1: Called Strike 0-2: Ball 1-2: Foul Ball, location: 2F 1-2: Ball 2-2: Fly out, F9 (Flyball, 9, EV 95.0 MPH)
|
|
Batting: RHB Djoka Subasic
|
0-0: Swinging Strike 0-1: Ball 1-1: Ball 2-1: Called Strike 2-2: Ball 3-2: Base on Balls
|
|
Batting: RHB Tan-ming Kwan
|
0-0: Called Strike 0-1: Foul Ball, location: 2F 0-2: Ball 1-2: Foul Ball, location: 2F 1-2: Ball 2-2: Strikes out swinging
|
|
Batting: RHB Yok-sing Zhào
|
0-0: Ball 1-0: Ball 2-0: Called Strike 2-1: Foul Ball, location: 2F 2-2: Strikes out swinging
|
| Top of the 7th over - 0 runs, 0 hits, 0 errors, 1 left on base; Tijuana 0 - Calgary 8 |
| BOTTOM OF THE 7TH |
|
Calgary Flames batting - Pitching for Tijuana Toros : LHP Conor Bailey
|
|
Batting: RHB Yuusei Narita
|
0-0: Fly out, F8 (Flyball, 8RM, EV 94.4 MPH)
|
|
Batting: LHB Justin Daley
|
0-0: Ball 1-0: Ball 2-0: Called Strike 2-1: Ball 3-1: Foul Ball, location: 2F 3-2: Strikes out swinging
|
|
Batting: RHB Alex Collazo
|
0-0: Called Strike 0-1: Ball 1-1: Swinging Strike 1-2: DOUBLE (Line Drive, 78D, EV 106.9 MPH)
|
|
Batting: SHB Erick Hamburger
|
0-0: Called Strike 0-1: Ball 1-1: Called Strike 1-2: Strikes out swinging, 2-3 out at first.
|
| Bottom of the 7th over - 0 runs, 1 hit, 0 errors, 1 left on base; Tijuana 0 - Calgary 8 |
| TOP OF THE 8TH |
|
Tijuana Toros batting - Pitching for Calgary Flames : LHP Ricardo de la Torre
|
|
Batting: RHB Kekoa Kahele
|
0-0: Ball 1-0: Called Strike 1-1: Ball 2-1: Ball 3-1: Base on Balls
|
|
Batting: RHB Jason Baldwin
|
0-0: Ball 1-0: Ball 2-0: Ball 3-0: Called Strike 3-1: Called Strike 3-2: Foul Ball, location: 2F 3-2: Fly out, F7 (Flyball, 7S, EV 96.2 MPH)
|
|
Batting: LHB Mesfin Azagba
|
0-0: Ball 1-0: Ball 2-0: Fielders Choice at 2nd, 6-4 (Groundball, 56D, EV 86.2 MPH)
|
|
Pinch Hitting: RHB Juan Gallegos
|
0-0: Fielders Choice at 2nd, 6-4 (Groundball, 6, EV 108.1 MPH)
|
| Top of the 8th over - 0 runs, 0 hits, 0 errors, 1 left on base; Tijuana 0 - Calgary 8 |
| BOTTOM OF THE 8TH |
|
Calgary Flames batting - Pitching for Tijuana Toros : LHP Conor Bailey
|
|
Now at 1B: Adam Maczko
|
|
|
Batting: RHB Rod Johnson
|
0-0: Ball 1-0: Foul Ball, location: 2F 1-1: Swinging Strike 1-2: Ball 2-2: Ground out 6-3 (Groundball, 6MS, EV 69.4 MPH)
|
|
Batting: RHB Devon Dill
|
0-0: Ball 1-0: Called Strike 1-1: Swinging Strike 1-2: Strikes out swinging
|
|
Batting: LHB Dean Luttman
|
0-0: Called Strike 0-1: Called Strike 0-2: Fly out, F9 (Flyball, 9D, EV 94.4 MPH)
|
| Bottom of the 8th over - 0 runs, 0 hits, 0 errors, 0 left on base; Tijuana 0 - Calgary 8 |
| TOP OF THE 9TH |
|
Tijuana Toros batting - Pitching for Calgary Flames : LHP Ricardo de la Torre
|
|
Pinch Hitting: RHB Makoto Narita
|
0-0: Called Strike 0-1: Ball 1-1: Called Strike 1-2: Ball 2-2: Foul Ball, location: 2F 2-2: Ball 3-2: Foul Ball, location: 2F 3-2: Base on Balls
|
|
Pitching: LHP Trevor Lewis
|
|
|
Batting: SHB Javy Franco
|
0-0: Foul Ball, location: 2F 0-1: Swinging Strike 0-2: Strikes out swinging
|
|
Batting: RHB Djoka Subasic
|
0-0: Foul Ball, location: 2F 0-1: Fly out, F3 (Popup, 34S, EV 81.2 MPH)
|
|
Pinch Hitting: LHB Fernão Manta
|
0-0: Fly out, F5 (Popup, 56S, EV 87.5 MPH)
|
| Top of the 9th over - 0 runs, 0 hits, 0 errors, 1 left on base; Tijuana 0 - Calgary 8 |
|